 Dungeon Crawl Stone Soup version 0.31-a0-188-g5e087ee2ca (webtiles) character file.

Game seed: 2254965279439650343

174 qw the Skirmisher (level 5, 0/29 HPs)
             Began as a Deep Elf Hunter on June 23, 2023.
             Was an Initiate of Okawaru.
             Slain by an orc priest
             ... wielding a +0 club
              (2 damage)
             ... on level 4 of the Dungeon.
             The game lasted 00:01:39 (2664 turns).

qw the Skirmisher (Deep Elf Hunter)                 Turns: 2664, Time: 00:01:40

Health: 0/29       AC: 12    Str: 10      XL:     5   Next: 28%
Magic:  7/7        EV: 11    Int: 10      God:    Okawaru [......]
Gold:   187        SH:  0    Dex: 17 (18) Spells: 4/4 levels left

rFire   . . .        Y - +0 shortbow
rCold   . . .        (shield currently unavailable)
rNeg    . . .        e - +1 ring mail
rPois   +            (no helmet)
rElec   .            (no cloak)
rCorr   +            (no gloves)
SInv    .            d - +5 pair of boots "Ninuyf" {Rampage rPois rCorr Int-4}
Will    .....        (no amulet)
Stlth   +            (no ring)
HPRegen 0.24/turn    (no ring)
MPRegen 0.10/turn

%: rampage
@: about to teleport
A: wild magic 1
a: Renounce Religion


You were on level 4 of the Dungeon.
You worshipped Okawaru.
Okawaru was noncommittal.
You visited 1 branch of the dungeon, and saw 4 of its levels.

You collected 187 gold pieces.


Innate Abilities, Weirdness & Mutations

Your spells are a little harder to cast, but a little more powerful.


   Skills:
 - Level 1.5 Fighting
 + Level 8.8 Ranged Weapons
 - Level 2.4 Dodging
 - Level 1.2 Stealth


You had 4 spell levels left.
You didn't know any spells.
Your spell library was empty.

Inventory:

Hand Weapons
 Y - a +0 shortbow (weapon)
Armour
 d - the +5 pair of boots "Ninuyf" (worn) {Rampage rPois rCorr Int-4}
   (You found it on level 2 of the Dungeon)

   Int:       It affects your intelligence (-4).
   rPois:     It protects you from poison.
   rCorr:     It protects you from acid and corrosion.
   Rampage:   It bestows one free step when moving towards enemies.
 e - a +1 ring mail (worn)
Scrolls
 f - 3 scrolls of identify
Potions
 a - a potion of enlightenment
 b - 2 potions of curing
 c - a potion of haste {unknown}
 g - a potion of attraction {unknown}
 j - 2 potions of mutation

Dungeon Overview and Level Annotations

Branches:
Dungeon (4/15)
 Temple: D:4-7

Altars:
Gozag
Kikubaaqudgha
Okawaru

Shops:
D:2 =   D:4 *

Annotations:
D:3 3 runed translucent doors, qw's ghost, amateur DEHu


Message History

You shoot an arrow. The arrow barely misses the orc priest.
The orc priest shouts!
You hear a shout! x2
You shoot an arrow. The arrow hits the orc priest!
The orc priest is heavily wounded.
An orc comes into view. It is wielding a +0 flail.
You shoot an arrow.
The arrow closely misses the orc priest.
The orc priest hits you but does no damage.
You shoot an arrow. The arrow hits the orc priest.
The orc priest is almost dead.
The orc priest barely misses you.
An orc priest comes into view. It is wielding a +0 club.
You shoot an arrow.
The arrow closely misses the orc priest.
The arrow hits the orc!
You kill the orc!
Okawaru accepts your kill. The orc priest barely misses you.
You shoot an arrow.
The arrow closely misses the orc priest.
The orc priest hits you but does no damage.
You shoot an arrow. The arrow hits the orc priest.
You kill the orc priest!
Okawaru accepts your kill.
The orc priest invokes the aid of Beogh against you.
Pain shoots through your body!
You feel your dexterity returning.
You shoot an arrow.
The arrow closely misses the orc priest.
The orc priest calls down the wrath of Beogh upon you.
Beogh smites you!
The orc priest calls down the wrath of Beogh upon you.
Pain shoots through your body!
2663 ||| READING scroll of teleportation.
As you read the scroll of teleportation, it crumbles to dust.
You feel strangely unstable.
You shoot an arrow. The arrow barely misses the orc priest.
The orc priest hits you with a +0 club.
You die...

~~~~P~~P~~~~~~7~#....#.....#..
~~~~~~P7P~~~7#.....#.>.\.#..
~~P7P~7 7#.#.....# ....#..
7777P7~## .........#######..
#.....## #...............
#...#.## #..........)...
##..##.# ##.....?.......#
##.##.######....#:..##....#
##.###.##.@o)..)##..####..#
#..# #...###.#..###.# ##(#
#..###.#####.#.## #.# #.#
#..##.## #.##.# ### ###
####### #.##.# ####.# ###


You could see an orc priest.

Vanquished Creatures
  2 orc priests
  Jessica (D:3)
  2 adders
  3 worms
  4 dart slugs
  5 orcs
  4 bats
  3 endoplasms
  2 giant cockroaches
  2 goblins
  3 hobgoblins
  3 kobolds
  3 quokkas
  9 ball pythons
  5 frilled lizards
  5 rats
56 creatures vanquished.

Notes
Turn   | Place    | Note
-------+----------+-------------------------------------------
     0 | D:1      | qw the Deep Elf Hunter began the quest for the Orb.
     0 | D:1      | Reached XP level 1. HP: 12/12 MP: 3/3
     0 | D:1      | 0 ||| qw: Version: 0.3-a-9-g12657ce
     0 | D:1      | 0 ||| qw: Game counter: 4097
     0 | D:1      | 0 ||| qw: Always use a shield: true
     0 | D:1      | 0 ||| qw: God list: Okawaru
     0 | D:1      | 0 ||| qw: Allow faded altars: false
     0 | D:1      | 0 ||| qw: Do Orc after D:15 true
     0 | D:1      | 0 ||| qw: Do second Lair branch before Depths: true
     0 | D:1      | 0 ||| qw: Lair rune preference: random
     0 | D:1      | 0 ||| qw: Plans: Normal
     0 | D:1      | 0 ||| PLANNING D:1-11
    74 | D:1      | Found a faded altar of an unknown god.
   211 | D:1      | Reached skill level 6 in Ranged Weapons
   211 | D:1      | Reached XP level 2. HP: 16/16 MP: 4/4
   642 | D:1      | 642 ||| READING scroll labelled VAHIARAYWA.
   643 | D:1      | 643 ||| READING 2 scrolls labelled QOASSI QATIT AHAM.
   671 | D:1      | 671 ||| READING 4 scrolls labelled GOBROX GERY.
   672 | D:1      | 672 ||| READING scroll labelled DIKHUL COIGYU.
   673 | D:1      | 673 ||| READING scroll labelled BIHEQIGANU.
   674 | D:1      | 674 ||| READING scroll labelled FEUQU POOT.
   675 | D:1      | 675 ||| DRINKING 3 ruby potions.
   675 | D:1      | Gained mutation: Your spells are a little harder to cast,
                  | but a little more powerful. [potion of mutation]
   676 | D:1      | 676 ||| DROPPING scroll of butterflies.
   677 | D:1      | 677 ||| DROPPING scroll of torment.
   715 | D:2      | Reached XP level 3. HP: 20/20 MP: 5/5
   939 | D:2      | Reached skill level 7 in Ranged Weapons
  1125 | D:2      | Identified the +5 pair of boots "Ninuyf" {Rampage rPois
                  | rCorr Int-4}
  1232 | D:2      | Found Vulok's Jewellery Emporium.
  1240 | D:2      | 1240 ||| SHOPLISTING +4 ring of slaying (1014 gold, have
                  | 139).
  1240 | D:2      | 1240 ||| SHOPLISTING Hermit's Pendant {Faith Invo=14 Evo=0
                  | MP+5} (747 gold, have 139).
  1240 | D:2      | 1240 ||| SHOPLISTING amulet of regeneration (390 gold, have
                  | 139).
  1240 | D:2      | 1240 ||| SHOPLISTING ring of Iwkusiq {Str+6 Int+2} (613
                  | gold, have 139).
  1240 | D:2      | 1240 ||| SHOPLISTING ring of fire (325 gold, have 139).
  1240 | D:2      | 1240 ||| SHOPLISTING ring of protection from cold (325
                  | gold, have 139).
  1341 | D:2      | 1341 ||| UPGRADING to +5 pair of boots "Ninuyf" {Rampage
                  | rPois rCorr Int-4}.
  1346 | D:2      | 1346 ||| DRINKING 2 murky sapphire potions.
  1347 | D:2      | 1347 ||| READING 3 scrolls of identify.
  1347 | D:2      | 1347 ||| IDENTIFYING green potion
  1348 | D:2      | 1348 ||| READING 2 scrolls of identify.
  1348 | D:2      | 1348 ||| IDENTIFYING fuming amethyst potion
  1349 | D:2      | 1349 ||| DROPPING potion of degeneration.
  1364 | D:3      | 1364 ||| STAIRDANCE
  1418 | D:3      | 1418 ||| STAIRDANCE
  1422 | D:2      | Reached XP level 4. HP: 22/25 MP: 6/6
  1452 | D:3      | Noticed Jessica
  1459 | D:3      | Killed Jessica
  1460 | D:3      | Reached skill level 8 in Ranged Weapons
  1528 | D:3      | Found an ancient bone altar of Kikubaaqudgha.
  1582 | D:3      | Found an iron altar of Okawaru.
  1583 | D:3      | 1583 ||| PLANNING OKAWARU WORSHIP
  1583 | D:3      | 1583 ||| UPGRADING to +0 ring mail.
  1593 | D:3      | 1593 ||| DROPPING +0 leather armour.
  1594 | D:3      | 1594 ||| READING scroll of enchant armour.
  1594 | D:3      | 1594 ||| ENCHANTING +0 ring mail.
  1595 | D:3      | 1595 ||| READING 2 scrolls labelled TEHENU JIGI.
  1600 | D:3      | 1600 ||| READING 2 scrolls of identify.
  1600 | D:3      | 1600 ||| IDENTIFYING fuming white potion
  1601 | D:3      | 1601 ||| DROPPING potion of magic.
  1608 | D:3      | Became a worshipper of Warmaster Okawaru
  1609 | D:3      | 1609 ||| PLANNING D:1-11
  1877 | D:3      | Found a runed translucent gate.
  1878 | D:3      | Found a runed translucent gate.
  1878 | D:3      | Found an opulent altar of Gozag.
  1879 | D:3      | Found a runed translucent gate.
  1905 | D:3      | Noticed qw's ghost (amateur DEHu)
  2513 | D:4      | Reached XP level 5. HP: 27/29 MP: 7/7
  2581 | D:4      | Found Cost's General Store.
  2662 | D:4      | HP: 1/29 [orc priest/nerve-wracking pain (8)]
  2663 | D:4      | 2663 ||| READING scroll of teleportation.
  2664 | D:4      | Slain by an orc priest

Levels and vault maps discovered:
D:1:      tarquinn_simple_flora_water_b, layout_basic, basic_ecumenical_altar
D:2:      layout_basic, serial_shops, nicolae_shop_peninsula,
          minmay_misc_feat_rows
D:3:      layout_rooms, nicolae_kikubaaqudgha_miasma_corner,
          overflow_temple_1_default, ebering_ghost_gozag,
          chequers_serial_rivers_small_b, uniq_jessica
D:4:      layout_layer_cave, serial_shops, shop, nicolae_take_the_stairs, shop,
          kennysheep_mini_moat, shop, ebering_ghost_sewer_f, serial_bayou,
          serial_bayou_crossing, serial_bayou_lake_a, serial_bayou_pond_d,
          serial_bayou_pond_a

Skill      XL: |  1  2  3  4 |
---------------+-------------+-----
Ranged Weapons | 6 7 8 |  8.8
Fighting       | |  1.5
Dodging        | |  2.4
Stealth        | |  1.2

Action                     |  1- 3 |  4- 6 || total
---------------------------+-------+-------++-------
   Fire: Shortbow          |   104 |    58 ||   162
    Use: Scroll            |     8 |     4 ||    12
         Potion            |     2 |       ||     2
 Armour: Leather armour    |    11 |     1 ||    12
         Ring mail         |       |     5 ||     5
  Dodge: Dodged            |    23 |     4 ||    27

Table legend:
 A = Non-vault XP
 B = Vault XP
 C = Vault XP percentage of total XP
 D = Non-vault monster count
 E = Vault monster count
 F = Vault count percentage of total count
                 A         B        C        D         E       F
            +---------+---------+-------+---------+---------+-------
      Total |     212 |      37 |  14.9 |      55 |       1 |   1.8
            +---------+---------+-------+---------+---------+-------
        D:1 |      37 |       0 |   0.0 |      24 |       0 |   0.0
        D:2 |      76 |       0 |   0.0 |      11 |       0 |   0.0
        D:3 |      34 |      37 |  52.1 |      14 |       1 |   6.7
        D:4 |      65 |       0 |   0.0 |       6 |       0 |   0.0
            +---------+---------+-------+---------+---------+-------
